 Dungeon Crawl Stone Soup version 0.31.0-11-ge490571c62 (webtiles) character file.

Game seed: 3575587802399814662

1252 Gadfly the Charlatan (level 8, -9/60 HPs)
             Began as a Demonspawn Monk on Feb 2, 2024.
             Was an Initiate of Ru.
             Killed from afar by a steam dragon (21 damage)
             ... with a ball of steam
             ... on level 5 of the Dungeon on Feb 3, 2024.
             The game lasted 00:09:05 (6202 turns).

Gadfly the Charlatan (Demonspawn Monk)              Turns: 6202, Time: 00:09:05

Health: -9/60      AC:  5    Str: 19    XL:     8   Next: 26%
Magic:  8/8        EV: 13    Int: 11    God:    Ru [......]
Gold:   151        SH:  0    Dex: 13    Spells: 7/7 levels left

rFire   . . .        b - +2 whip (elec)
rCold   + . .        c - orb {light}
rNeg    . . .        n - +0 animal skin
rPois   +            (helmet restricted)
rElec   .            f - +0 cloak
rCorr   +            k - +0 pair of gloves of Amorality {rPois rC+ rCorr Dex-3}
SInv    .            o - +0 pair of boots
Will    .....        (no amulet)
Stlth   +            s - +6 ring of strength
HPRegen 0.30/turn    (no ring)
MPRegen 0.11/turn

%: no passive effects
@: glowing
A: horns 1, foul stench 2, icemail 1, condensation shield
a: Renounce Religion


You were on level 5 of the Dungeon.
You worshipped Ru.
Ru was noncommittal.
You visited 2 branches of the dungeon, and saw 7 of its levels.

You collected 221 gold pieces.
You spent 70 gold pieces at shops.

Inventory:

Hand Weapons
 b - a +2 whip of electrocution (weapon)
 p - a +4 short sword of protection
 r - a +2 flail of draining
Armour
 c - an orb of light (worn)
 f - a +0 cloak (worn)
 k - the +0 pair of gloves of Amorality (worn) {rPois rC+ rCorr Dex-3}
   (You found it on level 4 of the Dungeon)

   Dex-3:     It affects your dexterity (-3).
   rC+:       It protects you from cold.
   rPois:     It protects you from poison rCorr: It protects you from acid and
   corrosion.
 n - a +0 animal skin (worn)
 o - a +0 pair of boots (worn)
Jewellery
 s - a +6 ring of strength (left hand)
Talismans
 h - a beast talisman
 l - a flux talisman
 t - a blade talisman
Wands
 m - a wand of flame (24)
Scrolls
 a - 2 scrolls of torment
 j - a scroll of teleportation
 q - 2 scrolls of immolation
 u - a scroll of fog
 w - a scroll of revelation
Potions
 d - 2 potions of lignification
 g - a potion of ambrosia
 i - a potion of might
 v - 3 potions of curing


   Skills:
 + Level 4.2 Fighting
 + Level 4.4 Dodging
 * Level 4.6 Unarmed Combat
 - Level 5.2 Evocations
 * Level 4.1 Shapeshifting


You had 7 spell levels left.
You didn't know any spells.
Your spell library contained the following spells:

 Spells                   Type           Power      Damage    Failure   Level
 Ensorcelled Hibernation  Hex/Ice        0%         N/A       47%         2
 Fugue of the Fallen      Necr           0%         N/A       71%         3
 Anguish                  Hex/Necr       0%         N/A       98%         4


Dungeon Overview and Level Annotations

Branches:
Dungeon (6/15)             Temple (1/1) D:5

Altars:
Cheibriados
Dithmenos
Hepliaklqana
Kikubaaqudgha
Makhleb
Nemelex Xobeh
Qazlal
Ru
Sif Muna
Uskayaw
Vehumet
Wu Jian
Yredelemnul

Shops:
D:1 ?   D:3 :


Innate Abilities, Weirdness & Mutations

You have a pair of small horns on your head.
You sometimes emit foul miasma when damaged in melee.
A meltable icy envelope protects you from harm. (AC +0)
A meltable shield of frost defends you. (SH +0)


Message History

Okay, then.
Okay, then.
Okay, then.
You feel much better. The steam dragon bites you. The steam dragon claws you.
The gnoll is engulfed in a cloud of scalding steam.
The gnoll hits you with a +0 flail.
You are engulfed in a cloud of scalding steam.
There is a stone staircase leading up here.
You can't go down here!
The steam dragon bites you. The steam dragon claws you.
You emit a cloud of foul miasma!
You climb upwards.
There is a stone staircase leading down here.
You hit the steam dragon. You headbutt the steam dragon.
The steam dragon is severely wounded.
The steam dragon bites you.
* * * LOW HITPOINT WARNING * * *
The steam dragon closely misses you.
You hit the steam dragon. You headbutt the steam dragon.
The steam dragon is severely wounded.
The steam dragon closely misses you. The steam dragon claws you.
* * * LOW HITPOINT WARNING * * *
You barely miss the steam dragon.
You headbutt the steam dragon, but do no damage.
The steam dragon is severely wounded.
The steam dragon bites you.
* * * LOW HITPOINT WARNING * * *
The steam dragon claws you.
* * * LOW HITPOINT WARNING * * *
You hit the steam dragon. Your headbutt misses the steam dragon.
The steam dragon is almost dead.
The steam dragon bites you.
* * * LOW HITPOINT WARNING * * *
The steam dragon claws you.
* * * LOW HITPOINT WARNING * * *
You hit the steam dragon but do no damage.
The steam dragon is almost dead.
The steam dragon breathes steam at you. The ball of steam hits you!!
You die...

#............####.##.....
#######.........#.##...##
#.....###.#.##.....
####.## #.#.##.#... #.#
#.#.##.#..≈ ###########.#
#.#.......≈ #...........#
#......#..§
##.#############.###......
#.......@D...............
########.##########.####.
#.#..........####.
#.#.#######.......
#.#...............
####.#########.....).
#....# #....... #....#
#..)....
#....#########.......


You could see a steam dragon (catching breath).

Vanquished Creatures
  2 black bears
  2 ogres
  A centaur (D:5)
  A scorpion (D:5)
  3 killer bees (D:5)
  2 bombardier beetles (D:5)
  3 hounds
  2 jellies (D:4)
  2 orc priests (D:3)
  An iguana (D:4)
  An orc wizard (D:3)
  Natasha (thrice) (D:2)
  Robin (D:2)
  3 gnolls (D:3)
  8 adders
  2 ufetubi (D:5)
  2 dart slugs
  12 orcs
  7 ball pythons
  4 bats
  9 endoplasms
  5 giant cockroaches
  12 goblins
  14 hobgoblins
  5 quokkas
  6 frilled lizards
  7 kobolds
  8 rats
128 creatures vanquished.

Notes
Turn   | Place    | Note
-------+----------+-------------------------------------------
     0 | D:1      | Gadfly the Demonspawn Monk began the quest for the Orb.
     0 | D:1      | Reached XP level 1. HP: 18/18 MP: 1/1
    85 | D:1      | Found a faded altar of an unknown god.
   173 | D:1      | Gained mutation: You have a pair of small horns on your
                  | head. [demonic ancestry]
   173 | D:1      | Reached XP level 2. HP: 24/24 MP: 2/2
   274 | D:1      | Reached skill level 1 in Evocations
   468 | D:1      | Reached skill level 1 in Shapeshifting
   490 | D:1      | Found Syzap's Magic Scroll Shop.
   531 | D:1      | Bought a scroll of identify for 28 gold pieces
   680 | D:1      | Gained mutation: You may rarely emit foul miasma when
                  | damaged in melee. [demonic ancestry]
   680 | D:1      | Reached XP level 3. HP: 25/29 MP: 3/3
  1044 | D:2      | Noticed Robin
  1057 | D:2      | Killed Robin
  1202 | D:2      | Gained mutation: A meltable shield of frost defends you.
                  | (SH +0) [demonic ancestry]
  1202 | D:2      | Reached XP level 4. HP: 31/35 MP: 4/4
  1205 | D:2      | Noticed Natasha
  1213 | D:2      | Killed Natasha
  1214 | D:2      | Reached skill level 2 in Evocations
  1296 | D:2      | Noticed Natasha
  1302 | D:2      | Killed Natasha
  1651 | D:2      | Noticed Natasha
  1653 | D:2      | Killed Natasha
  1654 | D:2      | Gained mutation: A meltable icy envelope protects you from
                  | harm. (AC +0) [demonic ancestry]
  1654 | D:2      | Reached XP level 5. HP: 32/41 MP: 5/5
  2470 | D:3      | Found Reepp's Book Shop.
  2642 | D:1      | Bought a scroll of teleportation for 42 gold pieces
  2733 | D:3      | Found a shimmering blue altar of Sif Muna.
  2828 | D:3      | Reached skill level 3 in Evocations
  2828 | D:3      | Reached XP level 6. HP: 38/47 MP: 6/6
  3717 | D:4      | Identified the +0 pair of gloves of Amorality {rPois rC+
                  | rCorr Dex-3}
  4137 | D:4      | Reached XP level 7. HP: 52/52 MP: 7/7
  4327 | D:4      | Reached skill level 4 in Evocations
  4895 | D:5      | Entered Level 5 of the Dungeon
  4896 | D:5      | Found a burning altar of Makhleb.
  5121 | D:5      | Found a radiant altar of Vehumet.
  5145 | D:5      | Gained mutation: You sometimes emit foul miasma when
                  | damaged in melee. [demonic ancestry]
  5145 | D:5      | Reached XP level 8. HP: 30/60 MP: 8/8
  5313 | D:5      | Found a shadowy altar of Dithmenos.
  5321 | D:5      | Reached skill level 5 in Evocations
  5334 | D:5      | Found a staircase to the Ecumenical Temple.
  5362 | Temple   | Entered the Ecumenical Temple
  5383 | Temple   | Became a worshipper of Ru the Awakened
  6202 | D:5      | Killed from afar by a steam dragon

Illustrated notes

Levels and vault maps discovered:
D:1:      minmay_arrival_wavy_path, layout_basic, serial_shops, shop,
          basic_ecumenical_altar, solitary_fountain
D:2:      layout_basic, uniq_natasha, uniq_robin
D:3:      layout_basic, mainiacjoe_overflow_six_doors_small, serial_shops,
          nicolae_square_shop
D:4:      layout_layer_cave, minmay_fractal_squares_diagonal_5
D:5:      layout_basic, bloody_makhleb, mainiacjoe_overflow_chevrons,
          lemuel_crystal_altar, minmay_temple_entry_arrows, serial_aquarium,
          aquarium_bridge_long_separate [aquarium_subvault_wall,
          aquarium_subvault_balcony, aquarium_subvault_bridge,
          aquarium_subvault_window, aquarium_subvault_wall,
          aquarium_subvault_bridge], aquarium_window_corner, aquarium_window_1,
          aquarium_view_2a, aquarium_pool_side
D:6:      layout_cave_pools, fedhas_altar_fruit_tree,
          nicolae_ashenzari_panopticon, minmay_misc_feat_chi,
          grunt_decor_one_mirror, kennysheep_diamond, uniq_blork_the_orc,
          uniq_edmund, uniq_pikel
Temple:   hc_temple_tempest_star

Skill      XL: |  1  2  3  4  5  6  7  8 |
---------------+-------------------------+-----
Evocations     | 1 2 3 4 5 |  5.2
Unarmed Combat | 3 4 |  4.6
Shapeshifting  | 1 2 3 4 |  4.1
Dodging        | 3 4 |  4.4
Fighting       | 4 |  4.2

Action                     |  1- 3 |  4- 6 |  7- 9 || total
---------------------------+-------+-------+-------++-------
  Melee: Unarmed           |    14 |       |       ||    14
         Dagger            |    42 |       |       ||    42
         Headbutt          |    11 |    16 |    22 ||    49
         Whip              |    42 |   115 |    88 ||   245
 Invoke: Reject Sacrifices |       |       |     1 ||     1
Ability: Begin Untransform |     1 |     2 |       ||     3
    Use: Scroll            |     6 |     5 |     6 ||    17
         Potion            |       |       |     2 ||     2
 Armour: Robe              |    44 |       |       ||    44
         Animal skin       |     1 |    63 |    74 ||   138
  Dodge: Dodged            |    73 |    76 |    73 ||   222
   Form: Beast             |     2 |     1 |       ||     3
